 Dungeon Crawl Stone Soup version 0.27.0-1-g7a089689b8 (webtiles) character file.

Game seed: 5389546122615384136

2617 ZombieSheep the Fighter (level 9, -6/76 (77) HPs)
             Began as a Gnoll Wanderer on Aug 6, 2021.
             Was a Priest of Zin.
             Mangled by a wight (11 damage)
             ... on level 7 of the Dungeon.
             The game lasted 00:11:56 (7230 turns).

ZombieSheep the Fighter (Gnoll Wanderer)            Turns: 7230, Time: 00:11:56

HP:   -6/76 (77)    AC: 13    Str: 16    XL:     9   Next: 60%
MP:   15/15         EV: 10    Int: 13    God:    Zin [***...]
Gold: 206           SH:  0    Dex:  9    Spells: 16/16 levels left

rFire    . . .     SeeInvis .   a - +2 spear (venom)
rCold    . . .     Faith    .   (no shield)
rNeg     . . .     Spirit   .   e - +3 scale mail
rPois    .         Reflect  .   t - +0 helmet
rElec    .         Harm     .   h - +0 cloak
rCorr    .         Rampage  .   (no gloves)
Will     .....                  (no boots)
Stlth    +.........             (no amulet)
HPRegen  0.22/turn              (no ring)
MPRegen  0.14/turn              (no ring)

@: on recite cooldown, lightly drained
A: fangs 1, strong nose, distributed training
a: Renounce Religion, Recite, Vitalisation, Imprison, Donate Gold


You were on level 7 of the Dungeon.
You worshipped Zin.
Zin was most pleased with you.
You visited 2 branches of the dungeon, and saw 9 of its levels.

You collected 228 gold pieces.
You donated 22 gold pieces to Zin.

Inventory:

Hand Weapons
 a - a +2 spear of venom (weapon)
 b - a +0 shortbow
 m - a +2 dire flail of protection
 y - a +2 whip of flaming
Missiles
 c - 146 arrows
Armour
 e - a +3 scale mail (worn)
 g - a +0 kite shield
 h - a +0 cloak (worn)
 t - a +0 helmet (worn)
Jewellery
 f - a ring of ice
 k - a +6 ring of intelligence
 l - a ring of ice
 n - a +6 ring of dexterity
Wands
 w - a wand of iceblast (9)
Scrolls
 r - 2 scrolls of immolation
 x - a scroll of enchant weapon
 A - a scroll of fog
Potions
 d - a potion of degeneration
 i - a potion of attraction
 j - a potion of heal wounds
 o - 2 potions of brilliance
 p - a potion of resistance {unknown}
 q - a potion of magic {unknown}
 v - a potion of might
 z - a potion of curing {unknown}


   Skills:
 + Level 9.6 Fighting
 + Level 4.4 Short Blades
 + Level 4.4 Long Blades
 + Level 4.4 Axes
 + Level 5.2 Maces & Flails
 + Level 4.4 Polearms
 + Level 4.4 Staves
 + Level 4.4 Slings
 + Level 5.2 Bows
 + Level 4.4 Crossbows
 + Level 4.4 Throwing
 + Level 6.4 Armour
 + Level 4.4 Dodging
 + Level 4.4 Stealth
 + Level 6.4 Shields
 + Level 4.4 Unarmed Combat
 + Level 4.4 Spellcasting
 + Level 3.6 Conjurations
 + Level 3.6 Hexes
 + Level 3.6 Summonings
 + Level 3.6 Necromancy
 + Level 3.6 Translocations
 + Level 3.6 Transmutations
 + Level 3.6 Fire Magic
 + Level 3.6 Ice Magic
 + Level 3.6 Air Magic
 + Level 3.6 Earth Magic
 + Level 3.6 Poison Magic
 + Level 4.8 Invocations
 + Level 4.4 Evocations


You had 16 spell levels left.
You didn't know any spells.
Your spell library contained the following spells:

 Spells                   Type           Power      Damage    Failure   Level
 Magic Dart               Conj           48%        1d5       14%         1
 Call Imp                 Summ           12%        N/A       22%         2
 Mephitic Cloud           Conj/Pois/Air  12%        N/A       41%         3


Dungeon Overview and Level Annotations

Branches:
Dungeon (8/15)             Temple (1/1) D:5
   Lair: D:8-11

Altars:
Cheibriados
Dithmenos
Fedhas
Gozag
Kikubaaqudgha
Qazlal
Yredelemnul
Zin

Shops:
D:5 *

Annotations:
D:3 3 runed translucent doors, Rallik's ghost, amateur DjFE; SweetAndFullOfGrace's ghost, amateur DDWz; bnorton916's ghost, weakling DECj
D:6 1 runed translucent door, esper6's ghost, novice DDFi


Innate Abilities, Weirdness & Mutations

You have very sharp teeth.
Your uncanny sense of smell can sniff out nearby items.
Your experience applies equally to all skills.


Message History

You are too injured to fight recklessly!
You are too injured to fight recklessly!
You are too injured to fight recklessly!
You are too injured to fight recklessly!
You are too injured to fight recklessly!
You are too injured to fight recklessly!
You are too injured to fight recklessly!
You are too injured to fight recklessly!
You are too injured to fight recklessly!
You are too injured to fight recklessly!
You are too injured to fight recklessly!
You are too injured to fight recklessly!
You clear your throat and prepare to recite. "And so Zin bade the bastard children of Xom to come before..."
The wight is blasted by the fury of Zin!
You destroy the wight!
Zin accepts your kill. The wight barely misses you.
You hit the wight. Your bite misses the wight.
The wight is lightly damaged.
The wight hits you with a +3 scimitar!
* * * LOW HITPOINT WARNING * * *
You hit the wight.
The wight is moderately damaged. "...the altar, that judgement might be passed..."
The wight is limned with silver light.
The wight hits you with a +3 scimitar!
* * * LOW HITPOINT WARNING * * *
You hit the wight.
The wight is moderately damaged. "...upon those who were not lawful."
You finish reciting Apostates 4:68.
The wight hits you with a +3 scimitar!
* * * LOW HITPOINT WARNING * * *
You hit the wight but do no damage.
The wight is moderately damaged.
The wight barely misses you.
You hit the wight but do no damage.
The wight is moderately damaged.
The wight hits you with a +3 scimitar!
You die...

.# .# ##### (.
#####...# .#
#...<..## #.#
##..รท...# #..##
###......#
#..###........#
#@##.....)...#
##z)..........#
#.....<......##
#............##
##.............#
##......>.......#
###...........>...#
#.................#
#....##............##


You could see a wight (corona).

Vanquished Creatures
  Pikel (D:6)
  Sigmund (D:5)
  A steam dragon (D:4)
  Menkaure (D:5)
  Edmund (D:4)
  2 ice beasts
  3 ogres
  A centaur (D:7)
  2 phantoms (D:6)
  A lemure (D:6)
  A kobold brigand (D:6)
  Blork the orc (D:6)
  2 bullfrogs
  A scorpion (D:5)
  A wight (D:7)
  A howler monkey (D:7)
  A bullfrog zombie (D:5)
  2 orc priests (D:3)
  2 hounds
  2 jellies
  A centaur skeleton (D:4)
  Crazy Yiuf (D:3)
  4 iguanas
  A scorpion zombie (D:5)
  A howler monkey zombie (D:5)
  A howler monkey skeleton (D:6)
  6 adders
  2 white imps
  2 ufetubi (D:4)
  4 dart slugs
  8 orcs
  2 endoplasms
  3 giant cockroaches
  3 goblins
  7 hobgoblins
  9 jackals
  3 quokkas
  10 ball pythons
  5 bats
  14 kobolds
  A quokka skeleton (D:2)
  5 rats
  A spectral orc (D:6)
122 creatures vanquished.

Vanquished Creatures (others)
  An orc wizard (D:3)
  3 withered plants (D:3)
4 creatures vanquished.

Grand Total: 126 creatures vanquished

Notes
Turn   | Place    | Note
-------+----------+-------------------------------------------
     0 | D:1      | ZombieSheep the Gnoll Wanderer began the quest for the Orb.
     0 | D:1      | ZombieSheep set off with the following items: a +0
                  | shortbow, a +2 scale mail, 32 arrows, a potion of
                  | lignification
     0 | D:1      | Reached XP level 1. HP: 26/26 MP: 1/1
   253 | D:1      | Found a faded altar of an unknown god.
   254 | D:1      | Noticed a floating eye
   255 | D:1      | Noticed an eye of devastation
   256 | D:1      | Noticed a golden eye
   256 | D:1      | Noticed a floating eye
   270 | D:1      | Became a worshipper of Zin the Law-Giver
   270 | D:1      | Reached * piety under Zin
   395 | D:1      | Reached XP level 2. HP: 33/33 MP: 2/2
  1122 | D:2      | Reached XP level 3. HP: 38/38 MP: 2/4
  1178 | D:2      | Reached skill level 1 in Invocations
  1281 | D:2      | Reached skill level 1 in Short Blades
  1281 | D:2      | Reached skill level 1 in Long Blades
  1281 | D:2      | Reached skill level 1 in Axes
  1281 | D:2      | Reached skill level 1 in Polearms
  1281 | D:2      | Reached skill level 1 in Staves
  1281 | D:2      | Reached skill level 1 in Slings
  1281 | D:2      | Reached skill level 1 in Crossbows
  1281 | D:2      | Reached skill level 1 in Throwing
  1281 | D:2      | Reached skill level 1 in Dodging
  1281 | D:2      | Reached skill level 1 in Stealth
  1281 | D:2      | Reached skill level 1 in Unarmed Combat
  1281 | D:2      | Reached skill level 1 in Spellcasting
  1281 | D:2      | Reached skill level 1 in Evocations
  1281 | D:2      | Reached XP level 4. HP: 39/45 MP: 5/5
  1365 | D:2      | Reached ** piety under Zin
  1668 | D:3      | Found a blossoming altar of Fedhas.
  1672 | D:3      | Found an opulent altar of Gozag.
  1672 | D:3      | Found a snail-covered altar of Cheibriados.
  1672 | D:3      | Found an ancient bone altar of Kikubaaqudgha.
  1672 | D:3      | Found a shadowy altar of Dithmenos.
  1673 | D:3      | Found a stormy altar of Qazlal.
  1717 | D:3      | Reached skill level 1 in Conjurations
  1717 | D:3      | Reached skill level 1 in Hexes
  1717 | D:3      | Reached skill level 1 in Summonings
  1717 | D:3      | Reached skill level 1 in Necromancy
  1717 | D:3      | Reached skill level 1 in Translocations
  1717 | D:3      | Reached skill level 1 in Transmutations
  1717 | D:3      | Reached skill level 1 in Fire Magic
  1717 | D:3      | Reached skill level 1 in Ice Magic
  1717 | D:3      | Reached skill level 1 in Air Magic
  1717 | D:3      | Reached skill level 1 in Earth Magic
  1717 | D:3      | Reached skill level 1 in Poison Magic
  1919 | D:3      | Reached XP level 5. HP: 37/51 MP: 6/6
  2281 | D:3      | Found a runed translucent gate.
  2281 | D:3      | Found a runed translucent gate.
  2281 | D:3      | Found a runed translucent gate.
  2281 | D:3      | Noticed bnorton916's ghost (weakling DECj)
  2282 | D:3      | Noticed Rallik's ghost (amateur DjFE)
  2282 | D:3      | Noticed SweetAndFullOfGrace's ghost (amateur DDWz)
  2591 | D:3      | Found a runed translucent door.
  2592 | D:3      | Noticed Crazy Yiuf
  2637 | D:3      | Killed Crazy Yiuf
  2747 | D:4      | Reached XP level 6. HP: 51/57 MP: 8/8
  2927 | D:4      | Noticed Edmund
  2952 | D:3      | Reached skill level 5 in Armour
  2952 | D:3      | Reached skill level 5 in Shields
  3173 | D:4      | Noticed a steam dragon
  3192 | D:4      | Killed a steam dragon
  3193 | D:4      | Reached XP level 7. HP: 22/63 MP: 10/10
  3898 | D:4      | Killed Edmund
  3899 | D:4      | Reached skill level 9 in Fighting
  3970 | D:5      | Entered Level 5 of the Dungeon
  4151 | D:5      | Noticed Sigmund
  4161 | D:5      | Reached XP level 8. HP: 38/71 MP: 12/12
  4165 | D:5      | Killed Sigmund
  4617 | D:5      | Found Kekyf's Neck Hole.
  4628 | D:5      | Found a staircase to the Ecumenical Temple.
  4637 | D:5      | Noticed Menkaure
  4643 | Temple   | Entered the Ecumenical Temple
  4665 | D:5      | Killed Menkaure
  5500 | D:6      | Reached *** piety under Zin
  5524 | D:6      | Noticed Blork the orc
  5542 | D:6      | Killed Blork the orc
  6163 | D:6      | Noticed Pikel
  6188 | D:6      | Killed Pikel
  6189 | D:6      | Reached XP level 9. HP: 46/77 MP: 13/15
  6373 | D:6      | Reached skill level 5 in Maces & Flails
  6373 | D:6      | Reached skill level 5 in Bows
  6423 | D:6      | Found a basalt altar of Yredelemnul.
  6474 | D:6      | Found a runed translucent door.
  6474 | D:6      | Noticed esper6's ghost (novice DDFi)
  6474 | D:6      | Noticed a troll
  6807 | D:7      | Noticed a hornet
  7230 | D:7      | Mangled by a wight

Illustrated notes

Levels and vault maps discovered:
D:1:      scummos_arrival_checkerplants, layout_basic,
          hellmonk_ecumenical_altar_watching_god
D:2:      layout_rooms, corexii_item_surrounded_by_moat, minmay_domino_4
D:3:      layout_basic, grunt_temple_overflow_open, gup_sewer_entry_bowl,
          gammafunk_ghost_cemetery, lemuel_another_geyser,
          uniq_crazy_yiuf_cottage
D:4:      layout_loops_ring, uniq_edmund
D:5:      layout_basic, minmay_temple_entry_mist,
          nicolae_shop_sticking_my_neck_out, uniq_sigmund, uniq_menkaure
D:6:      layout_loops_ring, yredelemnul_forgotten_temple_becter,
          ebering_ghost_inner_flame, uniq_blork_the_orc, uniq_pikel
D:7:      mumra_celtic_spiral_tile, layout_cave_pods,
          gammafunk_temple_overflow_statue, serial_shops,
          nicolae_shop_statue_plus
D:8:      layout_layer_cave
Temple:   minmay_temple_forest_path

Skill      XL: |  1  2  3  4  5  6  7  8  9 |
---------------+----------------------------+-----
Invocations    | 1 2 3 4 |  4.8
Short Blades   | 1 2 4 |  4.4
Long Blades    | 1 2 4 |  4.4
Axes           | 1 2 4 |  4.4
Polearms       | 1 2 4 |  4.4
Staves         | 1 2 4 |  4.4
Slings         | 1 2 4 |  4.4
Crossbows      | 1 2 4 |  4.4
Throwing       | 1 2 4 |  4.4
Dodging        | 1 2 4 |  4.4
Stealth        | 1 2 4 |  4.4
Unarmed Combat | 1 2 4 |  4.4
Spellcasting   | 1 2 4 |  4.4
Evocations     | 1 2 4 |  4.4
Conjurations   | 1 2 3 |  3.6
Hexes          | 1 2 3 |  3.6
Summonings     | 1 2 3 |  3.6
Necromancy     | 1 2 3 |  3.6
Translocations | 1 2 3 |  3.6
Transmutations | 1 2 3 |  3.6
Fire Magic     | 1 2 3 |  3.6
Ice Magic      | 1 2 3 |  3.6
Air Magic      | 1 2 3 |  3.6
Earth Magic    | 1 2 3 |  3.6
Poison Magic   | 1 2 3 |  3.6
Maces & Flails | 3 4 5 |  5.2
Bows           | 3 4 5 |  5.2
Armour         | 5 6 |  6.4
Shields        | 5 6 |  6.4
Fighting       | 9 |  9.6

Action                   |  1- 3 |  4- 6 |  7- 9 || total
-------------------------+-------+-------+-------++-------
Melee: Spear             |    71 |   136 |   311 ||   518
       Bite              |     2 |     7 |    19 ||    28
       Punch             |       |     1 |     7 ||     8
 Fire: Shortbow          |       |       |    18 ||    18
Invok: Recite            |       |       |     5 ||     5
  Use: Scroll            |     1 |     4 |    10 ||    15
       Potion            |       |       |     3 ||     3
Armor: Scale mail        |    31 |    59 |    99 ||   189
Dodge: Dodged            |    27 |    31 |   114 ||   172
